 Dungeon Crawl Stone Soup version 0.25.1-2-g60ff931df9 (webtiles) character file.

Game seed: 8384259331685764166

5223 Erymatos the Cleaver (level 10, -3/90 HPs)
             Began as a Minotaur Berserker on Nov 12, 2020.
             Was a High Priest of Trog.
             Slain by Maggie
             ... wielding a +0 long sword
              (4 damage)
             ... on level 8 of the Dungeon.
             The game lasted 00:07:40 (7614 turns).

Erymatos the Cleaver (Minotaur Berserker)           Turns: 7614, Time: 00:07:40

Health: -3/90      AC: 15    Str: 24    XL:     10   Next: 35%
Magic:  0/9        EV: 13    Int:  4    God:    Trog [*****.]
Gold:   370        SH:  0    Dex: 11    Spells: 9/9 levels left

rFire    . . .     SeeInvis .   a - +0 hand axe
rCold    . . .     Gourm    .   (no shield)
rNeg     + . .     Faith    .   u - +4 ring mail
rPois    .         Spirit   +   (helmet restricted)
rElec    .         Reflect  .   t - +0 cloak
rCorr    .         Harm     .   (no gloves)
MR       .....                  p - +2 pair of boots
Stlth    +.........             d - amulet of guardian spirit
HPRegen  0.25/turn              m - ring of positive energy
MPRegen  0.11/turn              (no ring)

@: mesmerised
A: retaliatory headbutt, horns 2
a: Berserk, Trog's Hand, Brothers in Arms, Renounce Religion


You were on level 8 of the Dungeon.
You worshipped Trog.
Trog was extremely pleased with you.
You were not hungry.

You visited 1 branch of the dungeon, and saw 8 of its levels.

You collected 370 gold pieces.

Inventory:

Hand Weapons
 a - a +0 hand axe (weapon)
Armour
 g - a +0 plate armour
 p - a +2 pair of boots (worn)
 t - a +0 cloak (worn)
 u - a +4 ring mail (worn)
Jewellery
 d - an amulet of guardian spirit (around neck)
 m - a ring of positive energy (left hand)
 w - an uncursed amulet of reflection {unknown}
Wands
 C - a wand of iceblast (9)
Scrolls
 e - 3 scrolls of amnesia {unknown}
 f - a scroll of remove curse {unknown}
 h - a scroll of immolation {unknown}
 j - 2 scrolls of enchant weapon {unknown}
 k - 5 scrolls of teleportation {unknown}
 l - 5 scrolls of identify {unknown}
 n - a scroll of magic mapping {unknown}
 o - a scroll of fear {unknown}
 r - 3 scrolls of blinking {unknown}
 v - a scroll of random uselessness {unknown}
 x - a scroll of enchant armour {unknown}
 y - a scroll of fog {unknown}
 A - a scroll of noise {unknown}
Potions
 b - 2 potions of lignification {unknown}
 i - a potion of heal wounds {unknown}
 q - 2 potions of curing {unknown}
 s - 2 potions of degeneration {unknown}
 z - a potion of flight {unknown}
Comestibles
 c - 15 rations
 B - 2 chunks of flesh


   Skills:
 * Level 8.9 Fighting
 * Level 13.0 Axes
 + Level 9.4 Armour
 + Level 4.3 Dodging
 + Level 1.3 Stealth


You had 9 spell levels left.
You didn't know any spells.
Your spell library was empty.

Dungeon Overview and Level Annotations

Branches:
Dungeon (8/15)             Temple (0/1) D:5            Lair (0/6) D:8

Altars:
Elyvilon
Kikubaaqudgha
Okawaru
Sif Muna
Zin

Shops:
D:6 :   D:8 }

Annotations:
D:8 Maggie


Innate Abilities, Weirdness & Mutations

You reflexively headbutt those who attack you in melee.
You have a pair of horns on your head.


Message History

You slash Maggie!
Maggie is severely wounded.
Maggie gestures at you while chanting. The bolt of fire hits you!!
* * * LOW HITPOINT WARNING * * *
Unknown command.
You are too mesmerised to rage.
You closely miss Maggie. Your headbutt misses Maggie.
Maggie is severely wounded.
Maggie casts a spell at you. The bolt of fire hits you!
* * * LOW HITPOINT WARNING * * *
Unknown command.
You hit Maggie but do no damage.
Maggie is severely wounded.
Unknown command.
You closely miss Maggie.
Maggie is severely wounded.
Maggie hits you with a +0 long sword.
You die...

.)##..#.# #.
<.....#.. #.
#####.####### #.
....)........ ##
#####.####### ###
...))รท# #..
####### #.# ###
#@# #.. #@# #..
#.# #..
#############.#
#..
#.............#
#..
####.#############
#.. ....[# #..
####.# #.. ### ###


You could see Maggie (mesmerising).

Vanquished Creatures
  Harold (D:8)
  Pikel (D:8)
  An elephant (D:8)
  Psyche (D:8)
  A hippogriff (D:8)
  A wyvern (D:7)
  Eustachio (D:5)
  A water moccasin (D:8)
  4 slaves (D:8)
  A hornet zombie (D:6)
  2 orc warriors
  2 ice beasts (D:8)
  A sky beast (D:7)
  A black bear (D:7)
  4 ogres
  A phantom (D:6)
  A centaur (D:7)
  2 crocodiles (D:8)
  A big kobold (D:7)
  Blork the orc (D:6)
  A bullfrog (D:8)
  2 scorpions (D:6)
  A jelly (D:7)
  4 crimson imps
  2 hounds (D:7)
  A centaur skeleton (D:6)
  5 orc priests
  6 orc wizards
  2 gnoll shamans
  2 bullfrog skeletons
  4 iguanas
  3 worker ants
  A howler monkey zombie (D:6)
  10 gnolls
  16 adders
  A shadow imp (D:7)
  An ooze (D:7)
  An adder skeleton (D:4)
  An adder zombie (D:7)
  4 worms
  3 dart slugs
  5 leopard geckos
  29 orcs
  8 bats
  7 giant cockroaches
  4 hobgoblins
  10 kobolds
  2 quokkas
  3 ball pythons
  7 frilled lizards
  13 goblins
  2 leopard gecko skeletons
  4 rats
194 creatures vanquished.

Notes
Turn   | Place    | Note
-------+----------+-------------------------------------------
     0 | D:1      | Erymatos the Minotaur Berserker began the quest for the
                  | Orb.
     0 | D:1      | Reached XP level 1. HP: 19/19 MP: 0/0
   136 | D:1      | Reached skill level 4 in Axes
   136 | D:1      | Reached XP level 2. HP: 26/27 MP: 1/1
   865 | D:2      | Reached XP level 3. HP: 23/33 MP: 2/2
  1052 | D:2      | Reached ** piety under Trog
  1378 | D:2      | Reached XP level 4. HP: 37/40 MP: 3/3
  1382 | D:2      | Reached skill level 5 in Axes
  1507 | D:2      | You fall into a shaft and drop 1 floor!
  1759 | D:3      | Reached XP level 5. HP: 24/46 MP: 4/4
  1984 | D:3      | Reached skill level 6 in Axes
  2054 | D:3      | Reached XP level 6. HP: 50/52 MP: 5/5
  2146 | D:3      | Reached *** piety under Trog
  2373 | D:3      | Reached skill level 5 in Armour
  2913 | D:4      | Reached skill level 7 in Axes
  2913 | D:4      | Reached XP level 7. HP: 58/60 MP: 6/6
  3636 | D:5      | Entered Level 5 of the Dungeon
  3700 | D:5      | Found an iron altar of Okawaru.
  3732 | D:5      | Found a staircase to the Ecumenical Temple.
  3742 | D:5      | Noticed Eustachio
  3750 | D:5      | Killed Eustachio
  3750 | D:5      | Reached skill level 5 in Fighting
  3769 | D:5      | Reached skill level 8 in Axes
  3788 | D:5      | Reached XP level 8. HP: 39/68 MP: 4/7
  3949 | D:5      | You fall into a shaft and drop 1 floor!
  4038 | D:6      | Found Ufunt's Book Shoppe.
  4102 | D:6      | Reached **** piety under Trog
  4313 | D:6      | Noticed Blork the orc
  4324 | D:6      | Killed Blork the orc
  4499 | D:6      | Reached skill level 9 in Axes
  4653 | D:6      | Found a white marble altar of Elyvilon.
  5197 | D:7      | Found a shimmering blue altar of Sif Muna.
  5680 | D:7      | Noticed an angel
  5681 | D:7      | Found a glowing silver altar of Zin.
  5737 | D:7      | Reached skill level 10 in Axes
  5737 | D:7      | Reached XP level 9. HP: 52/78 MP: 3/8
  6208 | D:8      | Found Wumyvib's Gadget Boutique.
  6230 | D:8      | Noticed Psyche
  6241 | D:8      | Killed Psyche
  6241 | D:8      | Reached skill level 11 in Axes
  6241 | D:8      | Reached skill level 1 in Stealth
  6452 | D:8      | Found an ancient bone altar of Kikubaaqudgha.
  6452 | D:8      | Noticed Harold
  6479 | D:8      | Killed Harold
  6491 | D:8      | Reached skill level 12 in Axes
  6493 | D:8      | Noticed an elephant
  6512 | D:8      | Killed an elephant
  6522 | D:8      | Reached XP level 10. HP: 16/88 MP: 3/9
  6906 | D:8      | Noticed Pikel
  6922 | D:8      | Killed Pikel
  7249 | D:8      | Found a staircase to the Lair.
  7337 | D:8      | Reached ***** piety under Trog
  7368 | D:8      | Reached skill level 13 in Axes
  7589 | D:8      | Noticed Maggie
  7612 | D:8      | HP: 1/90 [Maggie/bolt of fire (8)]
  7614 | D:8      | Slain by Maggie

Illustrated notes

Levels and vault maps discovered:
D:1:      psy_arrival_terrarium, layout_basic
D:2:      layout_basic, fountainhead
D:3:      layout_loops_ring
D:4:      layout_basic, first_ration
D:5:      layout_loops_cross, minmay_temple_entry_offerings, okawaru_trees_2,
          uniq_prince_ribbit1, uniq_eustachio, uniq_ijyb
D:6:      minmay_evil_eye, layout_loops_ring, kennysheep_mini, serial_shops,
          shop, uniq_blork_the_orc
D:7:      minmay_general_purpose_star, layout_gridville, zin_angel, led_sif_pool
D:8:      layout_basic, lemuel_doored_altar, david_lair_generic, serial_shops,
          nicolae_shop_stone, basic_altar, uniq_grum, uniq_maggie, uniq_psyche,
          uniq_pikel, uniq_erica, uniq_harold

Skill      XL: |  1  2  3  4  5  6  7  8  9 10 |
---------------+-------------------------------+-----
Axes           | 4 5 6 7 8 10 12 13 | 13.0
Fighting       | 4 5 6 8 |  8.9
Armour         | 3 4 5 7 9 |  9.4
Dodging        | 3 4 |  4.3
Stealth        | 1 |  1.3

Action                   |  1- 3 |  4- 6 |  7- 9 | 10-12 || total
-------------------------+-------+-------+-------+-------++-------
Melee: Hand axe          |    82 |   166 |   322 |   110 ||   680
       Headbutt          |    12 |    27 |    67 |    33 ||   139
Invok: Berserk           |       |       |     5 |     1 ||     6
  Eat: Chunk             |     1 |     5 |    15 |     3 ||    24
       Ration            |       |       |       |     1 ||     1
Armor: Animal skin       |     4 |       |       |       ||     4
       Plate armour      |    38 |   112 |    92 |       ||   242
       Ring mail         |       |       |    59 |    29 ||    88
Dodge: Dodged            |    26 |    49 |   140 |    44 ||   259
